 Seeded DCSS version 0.31-a0-339-gda1cbd555d (webtiles) character file.

Game seed: 14215367866634240820 (custom seed)

2206 innerfire43 the Chopper (level 9, -9/71 HPs)
             Began as a Demonspawn Monk on July 20, 2023.
             Was a Believer of Cheibriados.
             Mangled by a yak (12 damage)
             ... on level 7 of the Dungeon.
             The game lasted 00:08:34 (4656 turns).

innerfire43 the Chopper (Demonspawn Monk)           Turns: 4656, Time: 00:08:35

Health: -9/71      AC:  9    Str: 19    XL:     9   Next: 12%
Magic:  9/9        EV: 14    Int: 16    God:    Cheibriados [**....]
Gold:   336        SH:  4    Dex: 20    Spells: 8/8 levels left

rFire   . . .        b - +3 executioner's axe (flame)
rCold   . . .        (shield currently unavailable)
rNeg    . . .        u - +4 troll leather armour {Pargi}
rPois   .            (helmet restricted)
rElec   .            (no cloak)
rCorr   +            (no gloves)
SInv    .            o - +0 pair of boots
Will    .....        (no amulet)
Stlth   +            w - ring of resist corrosion
HPRegen 1.11/turn    (no ring)
MPRegen 0.11/turn

%: no passive effects
@: very slow
A: horns 1, large bone plates 1, demonic guardian 2, condensation shield
a: Renounce Religion, Bend Time


You were on level 7 of the Dungeon.
You worshipped Cheibriados.
Cheibriados was pleased with you.
You visited 2 branches of the dungeon, and saw 8 of its levels.
You also visited: Sewer.

You collected 336 gold pieces.

Inventory:

Hand Weapons
 b - a +3 executioner's axe of flaming (weapon)
 q - a +1 war axe
Missiles
 c - 12 poisoned darts
 h - 4 silver javelins (quivered)
Armour
 d - an orb of light
 k - a +2 helmet
 m - a +0 scale mail
 o - a +0 pair of boots (worn)
 u - a +4 troll leather armour (worn) {Pargi}
Jewellery
 w - a ring of resist corrosion (left hand)
 B - a ring of see invisible
 E - a ring of flight
Wands
 l - a wand of roots (19)
 s - a wand of quicksilver (17)
 t - a wand of mindburst (19)
 v - a wand of polymorph (13)
 A - a wand of paralysis (13)
Scrolls
 a - a scroll of torment {unknown}
 f - 2 scrolls of fog {unknown}
 n - 6 scrolls of identify {unknown}
 x - 2 scrolls of vulnerability {unknown}
 y - a scroll of summoning {unknown}
 C - a scroll of fear {unknown}
 D - a scroll of enchant weapon
Potions
 e - a potion of attraction {unknown}
 g - 4 potions of curing
 i - a potion of ambrosia
 j - a potion of lignification {unknown}
 p - a potion of degeneration {unknown}
 r - a potion of berserk rage {unknown}
 z - a potion of haste {unknown}


   Skills:
 + Level 6.4 Fighting
 * Level 7.6 Axes
 - Level 4.3 Throwing
 - Level 3.6 Armour
 - Level 4.0 Dodging


You had 8 spell levels left.
You didn't know any spells.
Your spell library contained the following spells:

 Spells                   Type           Power      Damage    Failure   Level
 Apportation              Tloc           0%         N/A       28%         1
 Necrotise                Necr           0%         1d4       28%         1
 Sandblast                Erth           0%         2d4       28%         1
 Summon Small Mammal      Summ           0%         N/A       28%         1
 Passwall                 Tmut/Erth      0%         N/A       41%         2
 Sublimation of Blood     Necr           0%         N/A       41%         2
 Gell's Gravitas          Tloc           0%         N/A       65%         3
 Stone Arrow              Conj/Erth      0%         3d7       65%         3
 Teleport Other           Tloc           0%         N/A       65%         3
 Petrify                  Tmut/Erth      0%         N/A       96%         4
 Irradiate                Conj/Tmut      0%         3d11      100%        5
 Dispersal                Tloc           0%         N/A       100%        6


Dungeon Overview and Level Annotations

Branches:
Dungeon (7/15)             Temple (1/1) D:7           Sewer (visited)

Altars:
Ashenzari
Cheibriados
Dithmenos
Fedhas
Gozag
Hepliaklqana
Makhleb
Okawaru
Qazlal
Sif Muna
Trog
Vehumet
Wu Jian
Xom

Shops:
D:4 [   D:5 *


Innate Abilities, Weirdness & Mutations

You have a pair of small horns on your head.
You are partially covered in large bone plates. (SH +4)
A demonic guardian rushes to your aid.
A meltable shield of frost defends you. (SH +0)


Message History

Your +2 helmet falls away!
You slice the yak!! You burn the yak.
The yak is heavily wounded.
You barely miss the yak. The yak gores your ice devil.
The yak is engulfed in a cloud of scalding steam.
The yak gores you!
The yak gores your ice devil but does no damage.
The yak gores you. The yak gores your ice devil!
Your ice devil hits the yak!
Your ice devil freezes the yak!!
You slash the yak! You burn the yak. Your headbutt misses the yak.
The yak is almost dead.
You hit the yak. You burn the yak.
The yak gores your ice devil but does no damage.
The yak gores you! The yak barely misses your ice devil.
You block the yak's attack.
The yak is engulfed in a cloud of scalding steam.
The yak closely misses your ice devil.
Your ice devil hits the yak.
The yak dies!
Cheibriados appreciates the change of pace.
The yak is engulfed in a cloud of scalding steam.
The yak gores your ice devil but does no damage.
The yak barely misses you. The yak gores you!
* * * LOW HITPOINT WARNING * * *
The yak misses your ice devil.
Your ice devil hits the yak!
Your ice devil freezes the yak!!
It was a potion of curing.
You feel better. The yak gores your ice devil.
Your ice devil dies!
Your ice devil disappears in a puff of smoke!
The yak gores you.
* * * LOW HITPOINT WARNING * * *
The yak barely misses you.
You hit the yak. You burn the yak. You headbutt the yak.
The yak is heavily wounded.
You slice the yak!! You burn the yak! You slash the yak! You burn the yak.
You kill the yak!
Cheibriados appreciates the change of pace.
The yak gores you!
* * * LOW HITPOINT WARNING * * *
The yak gores you!
You die...

)......# .######
####.#.## ...#.....#
#.#..# .........
####'### .........
#.....# .........
#.⌠.⌠.######........
+..>..'...##........
#.⌠.⌠.###...........
#.....# ####@YY...>.
###'### #Yh†.....
#[[.# #........
##.## #..$..... .#
#........ .#
#........ .#
#........ .#
........# ##


You could see 3 yaks and a hound.

Vanquished Creatures
  Pikel (D:7)
  A yak (D:7)
  A steam dragon (D:7)
  A water moccasin (D:5)
  Duvessa (D:7)
  Pargi (Sewer)
  A sky beast (D:5)
  A black bear (D:5)
  A phantom (D:5)
  3 scorpions
  Dowan (D:7)
  4 hounds
  3 iguanas
  Ijyb (D:4)
  Terence (D:3)
  An orc wizard (D:6)
  4 gnolls (D:2)
  4 adders
  A white imp (D:6)
  2 worms
  2 dart slugs
  10 orcs
  10 ball pythons
  10 endoplasms
  8 giant cockroaches
  8 goblins
  6 hobgoblins
  6 jackals (D:1)
  7 kobolds
  10 quokkas
  5 bats
  5 frilled lizards
  4 rats
125 creatures vanquished.

Vanquished Creatures (collateral kills)
  A yak (D:7)
  2 black bears (D:4)
  An orc priest (D:3)
  2 orcs (D:3)
  A goblin (D:1)
  A kobold (D:4)
  A frilled lizard (D:3)
9 creatures vanquished.

Grand Total: 134 creatures vanquished

Notes
Turn   | Place    | Note
-------+----------+-------------------------------------------
     0 | D:1      | innerfire43 the Demonspawn Monk began the quest for the
                  | Orb.
     0 | D:1      | Reached XP level 1. HP: 18/18 MP: 1/1
    52 | D:1      | Reached skill level 1 in Throwing
    52 | D:1      | Gained mutation: A weak demonic guardian rushes to your
                  | aid. [demonic ancestry]
    52 | D:1      | Reached XP level 2. HP: 8/24 MP: 2/2
   287 | D:1      | Reached skill level 3 in Axes
   474 | D:1      | Reached XP level 3. HP: 29/29 MP: 3/3
  1394 | D:2      | Gained mutation: A demonic guardian rushes to your aid.
                  | [demonic ancestry]
  1394 | D:2      | Reached XP level 4. HP: 35/35 MP: 4/4
  1521 | D:3      | Noticed Terence
  1529 | D:3      | Killed Terence
  1530 | D:3      | Reached skill level 1 in Armour
  1530 | D:3      | Reached XP level 5. HP: 21/41 MP: 5/5
  2300 | D:4      | Found Junwutirr's Armour Shoppe.
  2375 | D:4      | Found a glowing drain.
  2476 | D:4      | Noticed a black bear
  2482 | D:4      | Killed a black bear
  2483 | D:4      | Reached XP level 6. HP: 43/48 MP: 6/6
  2521 | Sewer    | Entered a sewer
  2558 | Sewer    | Noticed Pargi
  2565 | Sewer    | Killed Pargi
  2803 | D:4      | Noticed Ijyb
  2821 | D:4      | Killed Ijyb
  3203 | D:4      | Reached skill level 4 in Axes
  3219 | D:4      | Gained mutation: A meltable shield of frost defends you.
                  | (SH +0) [demonic ancestry]
  3219 | D:4      | Reached XP level 7. HP: 53/54 MP: 7/7
  3360 | D:5      | Entered Level 5 of the Dungeon
  3739 | D:5      | Reached skill level 5 in Axes
  3927 | D:5      | Gained mutation: You are partially covered in large bone
                  | plates. (SH +4) [demonic ancestry]
  3927 | D:5      | Reached XP level 8. HP: 61/61 MP: 8/8
  4007 | D:5      | Found Ucuimn's Serpentskin Sales.
  4014 | D:5      | Reached skill level 5 in Fighting
  4134 | D:5      | Identified a scroll of acquirement
  4134 | D:5      | Acquired a +3 executioner's axe of flaming
  4194 | D:6      | Identified the +1 long sword "Demon's Foe" {pain, *Slow
                  | rPois Str-4 Int+5}
  4549 | D:7      | Noticed Pikel
  4556 | D:7      | Killed Pikel
  4557 | D:7      | Reached skill level 6 in Axes
  4568 | D:7      | Found a staircase to the Ecumenical Temple.
  4576 | D:7      | Noticed Dowan
  4576 | D:7      | Noticed Duvessa
  4580 | D:7      | Killed Duvessa
  4581 | D:7      | Reached skill level 7 in Axes
  4584 | D:7      | Killed Dowan
  4591 | Temple   | Entered the Ecumenical Temple
  4614 | Temple   | Became a worshipper of Cheibriados the Contemplative
  4614 | Temple   | Reached * piety under Cheibriados
  4614 | Temple   | Reached ** piety under Cheibriados
  4653 | D:7      | Gained mutation: You have a pair of small horns on your
                  | head. [demonic ancestry]
  4653 | D:7      | Reached XP level 9. HP: 37/69 MP: 9/9
  4656 | D:7      | HP: 3/71 [yak (11)]
  4656 | D:7      | Mangled by a yak

Illustrated notes

Levels and vault maps discovered:
D:1:      dpeg_arrival_castle, layout_basic, serial_forest,
          infiniplex_forest_straight_2, infiniplex_forest_straight_3,
          infiniplex_forest_clump_double, infiniplex_forest_lined_1,
          infiniplex_forest_clump_small, infiniplex_forest_straight_2,
          infiniplex_forest_lined_3_way
D:2:      layout_rooms
D:3:      layout_basic, general_overflow_altar, uniq_terence
D:4:      minmay_chambers_of_fours, layout_loops_ring, gup_sewer_entry_pipe,
          serial_shops, shop, uniq_ijyb
D:5:      layout_basic, guppyfry_shop_venom
D:6:      layout_rooms
D:7:      layout_rooms, minmay_temple_entry_hall, serial_shops,
          nicolae_shop_overgrown_old_shop, uniq_pikel, uniq_maggie, uniq_duvessa
Temple:   nicolae_temple_elliptical

Skill      XL: |  1  2  3  4  5  6  7  8 |
---------------+-------------------------+-----
Throwing       | 1 2 3 4 |  4.3
Dodging        | 3 4 |  4.0
Axes           | 3 4 5 7 |  7.6
Armour         | 1 2 3 |  3.6
Fighting       | 4 6 |  6.4

Action                     |  1- 3 |  4- 6 |  7- 9 || total
---------------------------+-------+-------+-------++-------
  Melee: Hand axe          |   115 |    24 |       ||   139
         War axe           |       |    89 |    81 ||   170
         Executioner's axe |       |       |    33 ||    33
         Headbutt          |       |       |     1 ||     1
  Throw: Javelin           |     1 |    11 |     1 ||    13
    Use: Potion            |     1 |       |     1 ||     2
         Scroll            |       |     4 |     6 ||    10
 Armour: Robe              |    29 |     3 |       ||    32
         Scale mail        |       |    40 |       ||    40
         Troll leather arm |       |    24 |    56 ||    80
  Dodge: Dodged            |   105 |    79 |    77 ||   261
  Block: Orb               |       |       |    21 ||    21
         Other             |       |       |    14 ||    14

Table legend: (Time is in decaauts)
 A = Elapsed time spent in this place.
 B = Non-inter-level travel time spent in this place.
 C = Inter-level travel time spent in this place.
 D = Time resting spent in this place.
 E = Time spent auto-exploring this place.
 F = Levels seen in this place.
 G = Mean time per level.
                   A        B        C        D        E       F      G
               +--------+--------+--------+--------+--------+-----+--------+
         Total |   4779 |   4576 |    203 |      0 |   3546 |   9 |  531.0 |
       Dungeon |   4569 |   4419 |    150 |      0 |   3446 |   7 |  652.7 |
        Temple |     55 |      3 |     52 |      0 |      0 |   1 |   55.0 |
         Sewer |    154 |    154 |      0 |      0 |    100 |   1 |  154.0 |
               +--------+--------+--------+--------+--------+-----+--------+

Top non-repeatable levels by time:
     D:4: 974 daAuts
     D:1: 937 daAuts
     D:3: 827 daAuts
     D:5: 815 daAuts
     D:2: 539 daAuts
     D:6: 388 daAuts
   Sewer: 154 daAuts
     D:7: 88 daAuts
  Temple: 55 daAuts
